 Dungeon Crawl Stone Soup version 0.21-a0-241-g2cbab09 (webtiles) character file.

7 tidbits the Insei (level 1, 0/15 HPs)
             Began as a Demigod Transmuter on Sept 3, 2017.
             Slain by a hobgoblin
             ... wielding a +0 club
              (5 damage)
             ... on level 2 of the Dungeon.
             The game lasted 00:01:23 (265 turns).

tidbits the Insei (Demigod Transmuter)               Turns: 265, Time: 00:01:24

Health: 0/15       AC:  2    Str: 13    XL:     1   Next: 73%
Magic:  5/5        EV: 12    Int: 17    God:
Gold:   31         SH:  0    Dex: 16    Spells: 3/4 levels left

rFire    . . .     SeeInvis .   e - scroll of amnesia {unknown}
rCold    . . .     Gourm    .   (no shield)
rNeg     . . .     Faith    .   b - +0 robe
rPois    .         Spirit   .   (no helmet)
rElec    .         Reflect  .   (no cloak)
rCorr    .         Harm     .   (no gloves)
MR       .....     Rnd*Tele +   (no boots)
Stlth    +.........             (no amulet)
HPRegen  0.05/turn              k - ring of teleportation (curse)
MPRegen  0.09/turn              (no ring)

@: no status effects
A: high mp 1
a: no special abilities


You were on level 2 of the Dungeon.
You were not hungry.

You visited 1 branch of the dungeon, and saw 2 of its levels.

You collected 31 gold pieces.

Inventory:

Missiles
 a - 12 arrows
 f - 16 sling bullets
 g - 10 poisoned needles
 h - 5 stones (quivered)
 i - 17 bolts
Armour
 b - a +0 robe (worn)
Jewellery
 k - a cursed ring of teleportation (left hand)
   (You found it on level 2 of the Dungeon)
Scrolls
 e - a scroll of amnesia (in hand) {unknown}
Potions
 l - a potion of berserk rage
Books
 c - a book of Changes

   Spells                             Type                      Level
   a - Beastly Appendage              Transmutation                1
   b - Sticks to Snakes               Transmutation                2
   c - Spider Form                    Transmutation/Poison         3
   d - Ice Form                       Ice/Transmutation            4
   e - Blade Hands                    Transmutation                5
Comestibles
 d - 2 bread rations
 j - 3 fruits
 m - 2 chunks of flesh


   Skills:
 - Level 0.8 Fighting
 - Level 1.7 Dodging
 * Level 2.9 Unarmed Combat
 - Level 2.0 Spellcasting
 + Level 1.9 Transmutations


You had 3 spell levels left.
You knew the following spells:

 Your Spells              Type           Power        Failure   Level  Hunger
e - Beastly Appendage     Tmut           #.....       9%          1    #......


Dungeon Overview and Level Annotations

Branches:
Dungeon (2/15)


Innate Abilities, Weirdness & Mutations

You have an increased reservoir of magic. (+10% MP)


Message History

You hit the goblin.
You kill the goblin!
Your transformation is almost over.
e - a scroll labeled GEKKOI TOUZOYM A giant cockroach comes into view.
Your horns disappear.
Casting: Beastly Appendage
Confirm with . or Enter, or press ? or * to list all spells.
Your feet morph into talons.
The giant cockroach closely misses you.
You hit the giant cockroach.
You kill the giant cockroach!
You see here a giant cockroach corpse.
You butcher the giant cockroach corpse.
Your magical contamination has completely faded away.
m - a chunk of flesh Your transformation is almost over.
A hobgoblin comes into view. It is wielding a club.
The hobgoblin shouts!
The hobgoblin moves out of view.
A rat comes into view.
Casting: Beastly Appendage
Confirm with . or Enter, or press ? or * to list all spells.
You extend your transformation's duration.
You hit the hobgoblin.
The hobgoblin is almost dead.
The hobgoblin hits you with a club.
* * * LOW HITPOINT WARNING * * *
You barely miss the hobgoblin.
The hobgoblin is almost dead.
Your transformation is almost over.
The hobgoblin hits you with a club.
* * * LOW HITPOINT WARNING * * *
You hit the hobgoblin.
You kill the hobgoblin!
You completely miss the rat. Your kick misses the rat. The rat bites you.
* * * LOW HITPOINT WARNING * * *
You hit the rat but do no damage. You claw the rat.
You kill the rat!
Things that are here:
a club; a rat corpse; a hobgoblin corpse Butcher a rat corpse? [(y)es/(c)hoosy/(n)o/(a)ll/(e)dible/(q)uit/?]
Butcher a hobgoblin corpse? [(y)es/(c)hoosy/(n)o/(a)ll/(e)dible/(q)uit/?]
Okay, then.
You butcher the rat corpse.
m - 2 chunks of flesh (gained 1)
Things that are here:
a club; a hobgoblin corpse Unknown command.
You open the door.
Wield which item (- for none, * to show all)? (? for menu, Esc to quit)
e - a scroll labeled GEKKOI TOUZOYM (in hand)
Your talons disappear.
You swing at nothing.
You swing at nothing.
You swing at nothing.
You swing at nothing.
You swing at nothing.
You swing at nothing.
You swing at nothing.
You swing at nothing.
You swing at nothing.
You swing at nothing.
You swing at nothing.
You swing at nothing.
You swing at nothing.
You swing at nothing.
You swing at nothing.
You swing at nothing.
You swing at nothing.
You swing at nothing.
You swing at nothing.
You swing at nothing.
You swing at nothing.
You swing at nothing.
You swing at nothing.
You swing at nothing.
You swing at nothing.
You swing at nothing.
You swing at nothing.
You swing at nothing.
You swing at nothing.
You swing at nothing.
You swing at nothing.
You swing at nothing.
You swing at nothing.
You swing at nothing.
A hobgoblin comes into view. It is wielding a club.
You swing at nothing.
The hobgoblin moves out of view.
You swing at nothing.
You swing at nothing.
You swing at nothing.
You swing at nothing.
The hobgoblin shouts!
A rat comes into view.
You swing at nothing.
You swing at nothing.
You swing at nothing.
The hobgoblin completely misses you.
You swing at nothing.
The hobgoblin barely misses you. The hobgoblin hits you with a club.
You die...

#..)..##...#....+.....###
#.....##...#....#.#.....#
......##...#....#.#......
...........#.............
.........................
.........###.............
.........# #.....).....#
.......#####......#......
.......# .......@.# .....
##....##......##g## ....
.#.#..........##r. ...
...#....#........#. ..
...#. +..... ..#.# .
....# ... #... # ....#
.... ...... .... .......


You could see a hobgoblin and a rat.

Vanquished Creatures
  A bat (D:1)
  A giant cockroach (D:2)
  A goblin (D:2)
  A hobgoblin (D:2)
  A kobold (D:2)
  A rat (D:2)
6 creatures vanquished.

Notes
Turn   | Place    | Note
-------+----------+-------------------------------------------
     0 | D:1      | tidbits the Demigod Transmuter began the quest for the Orb.
     0 | D:1      | Reached XP level 1. HP: 15/15 MP: 5/5
   142 | D:2      | Reached skill level 2 in Spellcasting
   214 | D:2      | HP: 1/15 [rat (1)]
   265 | D:2      | Slain by a hobgoblin

Vault maps used:
D:1:      wheals_arrival_linesprint, minmay_misc_feat_ornament

Skill      XL: |  1 |
---------------+----+-----
Spellcasting   | 2 |  2.0
Fighting       | |  0.8
Dodging        | |  1.7
Unarmed Combat | |  2.9
Transmutations | |  1.9

Action                   || total
-------------------------++-------
Melee: Unarmed           ||    22
       Headbutt          ||     2
       Kick              ||     1
 Cast: Beastly Appendage ||     5
  Use: Scroll            ||     1
Armor: Robe              ||     4
Dodge: Dodged            ||     9

Table legend:
 A = Spawn XP
 B = Non-spawn XP
 C = Spawn XP percentage of total XP
 D = Spawn monster count
 E = Non-spawn monster count
 F = Spawn count percentage of total count
 G = Total turns spent on level
                    A         B        C        D         E        F      G
               +---------+---------+-------+---------+---------+-------+---------
         Total |       2 |       9 |  18.2 |       1 |       5 |  16.7 |   265
               +---------+---------+-------+---------+---------+-------+---------
           D:1 |       0 |       2 |   0.0 |       0 |       1 |   0.0 |   135
           D:2 |       2 |       7 |  22.2 |       1 |       4 |  20.0 |   130
               +---------+---------+-------+---------+---------+-------+---------

Table legend:
 A = Turns spent in this place as a percentage of turns spent in the entire game.
 B = Non-inter-level travel turns spent in this place as a percentage of non-inter-level travel turns spent in the entire game.
 C = Inter-level travel turns spent in this place as a percentage of turns spent in this place.
 D = Turns resting spent in this place as a percentage of non-inter-level travel turns spent in this place.
 E = Turns spent auto-exploring this place as a percentage of non-inter-level travel turns spent in this place.
 F = Non-inter-level travel turns spent in this place divided by the number of levels of this place that you've seen.
                   A       B       C       D       E      F
               +-------+-------+-------+-------+-------+----------------------
         Total | 100.0 | 100.0 |   0.0 |   0.0 |   0.0 | 132.5
       Dungeon | 100.0 | 100.0 |   0.0 |   0.0 |   0.0 | 132.5
               +-------+-------+-------+-------+-------+----------------------

Table legend:
 A = Kills in this place as a percentage of kills in entire the game.
 B = Kills by you in this place as a percentage of kills by you in the entire game.
 C = Kills by friends in this place as a percentage of kills by friends in the entire game.
 D = Other kills in this place as a percentage of other kills in the entire game.
 E = Experience gained in this place as a percentage of experience gained in the entire game.
 F = Experience gained in this place divided by the number of levels of this place that you have seen.
                   A       B       C       D       E      F
               +-------+-------+-------+-------+-------+----------------------
         Total | 100.0 | 100.0 |   N/A |   N/A | 100.0 |   5.5
       Dungeon | 100.0 | 100.0 |   N/A |   N/A | 100.0 |   5.5
               +-------+-------+-------+-------+-------+----------------------

Vault maps used:
D:1:      wheals_arrival_linesprint, minmay_misc_feat_ornament
